 Dungeon Crawl Stone Soup version 0.27.1-33-g824d729ab1 (webtiles) character file.

Game seed: 1269550377113343399

1549 CrazyMind the Slasher (level 9, -1/62 HPs)
             Began as a Djinni Gladiator on Nov 23, 2021.
             Slain by an orc warrior (6 damage)
             ... on level 5 of the Dungeon on Nov 24, 2021.
             The game lasted 00:25:25 (6289 turns).

CrazyMind the Slasher (Djinni Gladiator)            Turns: 6289, Time: 00:25:25

Health: -1/62      AC:  9    Str: 16    XL:     9   Next: 12%
Gold:   254        EV: 18    Int: 10    God:
                   SH:  0    Dex: 21

rFire    + + .     SeeInvis .   a - +0 long sword
rCold    x . .     Faith    .   (no shield)
rNeg     . . .     Spirit   .   n - +0 ring mail
rPois    ∞         Reflect  .   c - +0 helmet
rElec    .         Harm     .   d - +0 cloak
rCorr    .         Rampage  .   g - +0 pair of gloves
Will     +....                  (boots unavailable)
Stlth    +.........             (no amulet)
HPRegen  0.20/turn              k - ring of willpower
MPRegen  0.00/turn              w - ring "Meyr" {EV+4 Dex+6}

@: flying
A: sickness immunity, fire resistance 2, cold vulnerability 1, float, innate
caster, hp casting, extra vitality 1
a: no special abilities


You were on level 5 of the Dungeon.
You visited 1 branch of the dungeon, and saw 6 of its levels.

You collected 254 gold pieces.

Inventory:

Hand Weapons
 a - a +0 long sword (weapon)
 h - a +1 dagger of venom
 m - a +1 short sword of speed
Missiles
 f - 209 stones
 C - 4 boomerangs (quivered)
Armour
 b - a +0 leather armour
 c - a +0 helmet (worn)
 d - a +0 cloak (worn)
 g - a +0 pair of gloves (worn)
 n - a +0 ring mail (worn)
 y - a +0 kite shield
 z - a +0 scale mail
Jewellery
 k - a ring of willpower (left hand)
 w - the ring "Meyr" (right hand) {EV+4 Dex+6}
   (You found it on level 4 of the Dungeon)

   [ring of evasion]

   EV:        It affects your evasion (+4).
   Dex:       It affects your dexterity (+6).
Wands
 A - a wand of acid (5)
Scrolls
 e - a scroll of noise {unknown}
 i - 7 scrolls of identify {unknown}
 j - a scroll of summoning {unknown}
 l - a scroll of silence {unknown}
 o - 3 scrolls of teleportation {unknown}
 p - 2 scrolls of enchant weapon {unknown}
 s - a scroll of immolation {unknown}
 x - a scroll of enchant armour {unknown}
 B - a scroll of fog {unknown}
 E - a scroll of vulnerability {unknown}
Potions
 q - a potion of magic {unknown}
 r - a potion of lignification {unknown}
 t - a potion of haste {unknown}
 v - 3 potions of curing {unknown}
 D - a potion of might {unknown}
 F - a potion of invisibility {unknown}
 G - a potion of mutation {unknown}


   Skills:
 + Level 4.0 Fighting
 + Level 7.2 Long Blades
 + Level 2.2 Throwing
 + Level 4.4 Armour
 + Level 4.9 Dodging
 * Level 3.2 Shields


You couldn't memorise any spells.
You knew the following spells:

 Your Spells              Type           Power      Damage    Failure   Level
a - Beastly Appendage     Tmut           0%         N/A       56%         1
b - Corpse Rot            Necr/Air       N/A        N/A       71%         2
c - Static Discharge      Conj/Air       0%         N/A       71%         2
d - Olgreb's Toxic Radia  Pois           0%         N/A       100%        4
Your spell library was empty.


Dungeon Overview and Level Annotations

Branches:
Dungeon (6/15)
 Temple: D:4-7

Altars:
Fedhas
Kikubaaqudgha
Xom

Shops:
D:1 :!   D:6 *

Annotations:
D:6 1 runed translucent door, Descartes's ghost, novice FeWn


Innate Abilities, Weirdness & Mutations

You are immune to sickness and miasma.
You are immune to poison.
Your flesh is very heat resistant. (rF++)
You are vulnerable to cold. (rC-)
You float through the air rather than walking.
You learn spells naturally, not from books.
Your magical power is your life essence.
You have superior vitality. (+4 HP)


Message History

Press: ? - help, Q - select action, (/) - cycle Shift-Dir - straight line, f/p - orc warrior
Aim: an orc warrior, wielding a +0 battleaxe and wearing a +0 plate armour (lightly wounded, 65% to hit)
You throw a boomerang.
The boomerang hits the orc warrior but does no damage.
The orc warrior is lightly wounded.
The orc warrior misses you.
You fly upwards.
There is a stone staircase leading down here.
You hit the orc warrior but do no damage.
The orc warrior is lightly wounded.
The orc warrior hits you with a +0 battleaxe!!
You hit the orc warrior but do no damage.
The orc warrior is lightly wounded.
The orc warrior misses you.
You closely miss the orc warrior.
The orc warrior is lightly wounded.
The orc warrior hits you with a +0 battleaxe!
Okay, then.
Unknown command.
Aiming: Corrosive Bolt
Press: ? - help, Shift-Dir - straight line, f - orc warrior
Aim: an orc warrior, wielding a +0 battleaxe and wearing a +0 plate armour (lightly wounded, 71% to hit)
The bolt of acid hits the orc warrior!
The orc warrior is splashed with acid.
The acid corrodes the orc warrior!
The orc warrior is severely wounded.
The orc warrior misses you.
You riposte.
You hit the orc warrior.
The orc warrior is severely wounded.
You hit the orc warrior.
The orc warrior is almost dead.
The orc warrior hits you with a +0 battleaxe!
* * * LOW HITPOINT WARNING * * *
You hit the orc warrior.
The orc warrior is almost dead.
The orc warrior hits you with a +0 battleaxe!
* * * LOW HITPOINT WARNING * * *
You closely miss the orc warrior.
The orc warrior is almost dead.
The orc warrior barely misses you.
The orc warrior hits you with a +0 battleaxe.
You die...

######### #.# #...)...# #.#
#.......# #.## #.......# #..#
#.......# #..# #.......# #..#
###.#.### #..#
#..#.######..#############
#.##.#...@o..#............
####.##.#.........###########
#.......#........#########
#.......#........# #.....#
#.......###.###..# #.....#
#.....)<# #.# #..###.....#
#.......# #.# #...##.....# ##
#......[# #.# #.#........###.
#.......# #.###.##..####.....


You could see an orc warrior (corroded).

Vanquished Creatures
  Sigmund (D:3)
  2 sky beasts (D:4)
  3 ogres
  3 necrophages
  A centaur (D:5)
  A kobold brigand (D:3)
  A bullfrog (D:3)
  Crazy Yiuf (D:4)
  3 jellies
  A hound (D:5)
  An orc priest (D:5)
  Jessica (D:2)
  A bullfrog skeleton (D:3)
  2 iguanas
  3 orc wizards
  4 adders
  A howler monkey skeleton (D:5)
  2 white imps (D:5)
  A worm (D:4)
  2 dart slugs
  11 orcs
  6 endoplasms
  A giant cockroach (D:2)
  6 goblins
  5 hobgoblins
  5 jackals
  A quokka (D:2)
  4 ball pythons
  4 bats
  4 frilled lizards
  9 kobolds
  6 rats
97 creatures vanquished.

Vanquished Creatures (others)
  4 plants (D:2)
4 creatures vanquished.

Grand Total: 101 creatures vanquished

Notes
Turn   | Place    | Note
-------+----------+-------------------------------------------
     0 | D:1      | CrazyMind the Djinni Gladiator began the quest for the Orb.
     0 | D:1      | Reached XP level 1. HP: 18/18 MP: 0/0
   235 | D:1      | Found Urorux's Book Shoppe.
   318 | D:1      | Reached XP level 2. HP: 23/23 MP: 0/0
   417 | D:1      | Found Puov's Distillery.
   426 | D:1      | Reached skill level 3 in Long Blades
   881 | D:2      | Reached XP level 3. HP: 28/28 MP: 0/0
   881 | D:2      | Learned a level 1 spell: Beastly Appendage
   888 | D:2      | Found a faded altar of an unknown god.
  1224 | D:2      | Noticed Jessica
  1535 | D:2      | Killed Jessica
  1536 | D:2      | Reached skill level 1 in Armour
  1536 | D:2      | Reached XP level 4. HP: 18/33 MP: 0/0
  1983 | D:2      | Reached XP level 5. HP: 39/39 MP: 0/0
  1983 | D:2      | Learned a level 2 spell: Corpse Rot
  2039 | D:3      | Reached skill level 4 in Long Blades
  2200 | D:3      | Noticed Sigmund
  2216 | D:3      | Killed Sigmund
  2217 | D:3      | Reached XP level 6. HP: 37/45 MP: 0/0
  2308 | D:3      | Reached skill level 5 in Long Blades
  2328 | D:3      | Found a blossoming altar of Fedhas.
  2936 | D:3      | Reached XP level 7. HP: 27/49 MP: 0/0
  2936 | D:3      | Learned a level 2 spell: Static Discharge
  3102 | D:4      | Found a shimmering altar of Xom.
  3181 | D:4      | Found a shimmering altar of Xom.
  3182 | D:4      | Found a shimmering altar of Xom.
  3183 | D:4      | Found a shimmering altar of Xom.
  3183 | D:4      | Found a shimmering altar of Xom.
  3567 | D:4      | Identified the ring "Meyr" {EV+4 Dex+6}
  4630 | D:4      | Found a runed translucent door.
  4631 | D:4      | Noticed Crazy Yiuf
  4764 | D:4      | Killed Crazy Yiuf
  4765 | D:4      | Reached skill level 1 in Shields
  4799 | D:5      | Entered Level 5 of the Dungeon
  4818 | D:5      | Reached XP level 8. HP: 50/56 MP: 0/0
  4878 | D:5      | Reached skill level 6 in Long Blades
  5784 | D:5      | Reached skill level 7 in Long Blades
  6048 | D:6      | Reached XP level 9. HP: 62/62 MP: 0/0
  6048 | D:6      | Learned a level 4 spell: Olgreb's Toxic Radiance
  6086 | D:6      | Found Rukheca's Assorted Antiques.
  6088 | D:6      | Found a runed translucent door.
  6088 | D:6      | Noticed Descartes's ghost (novice FeWn)
  6289 | D:5      | Slain by an orc warrior

Illustrated notes

Levels and vault maps discovered:
D:1:      heliophobic_arrival_battle_scene, layout_loops_ring, serial_shops,
          nicolae_shop_temple_entry_statues_fountains, nicolae_lakefront_shop
D:2:      minmay_chambers_of_ones, layout_rooms, basic_altar,
          chequers_ecumenical_altar_island, serial_bayou_lake_a, uniq_jessica
D:3:      layout_rooms, fedhas_altar_2, mainiacjoe_overflow_boulevard,
          uniq_sigmund
D:4:      layout_layer_cave, xom_redecorated, uniq_crazy_yiuf_cottage
D:5:      layout_rooms
D:6:      layout_layer_cave, gammafunk_ghost_grave, serial_shops,
          nicolae_stop_n_shop_1, nicolae_shop_crystal, uniq_menkaure

Skill      XL: |  1  2  3  4  5  6  7  8  9 |
---------------+----------------------------+-----
Long Blades    | 3 4 5 7 |  7.2
Armour         | 1 2 3 4 |  4.4
Dodging        | 4 |  4.9
Fighting       | 3 4 |  4.0
Shields        | 1 3 |  3.2
Throwing       | 2 |  2.2

Action                   |  1- 3 |  4- 6 |  7- 9 || total
-------------------------+-------+-------+-------++-------
Melee: Long sword        |    99 |   109 |   192 ||   400
Throw: Stone             |     4 |    11 |     2 ||    17
       Throwing net      |     3 |     1 |     1 ||     5
       Dart              |       |       |     5 ||     5
       Boomerang         |       |       |     4 ||     4
Evoke: Wand              |       |       |     3 ||     3
 Stab: Sleeping          |     2 |       |       ||     2
       Held in net/web   |       |     2 |     1 ||     3
Armor: Leather armour    |    42 |       |       ||    42
       Ring mail         |     4 |    47 |    66 ||   117
Dodge: Dodged            |    86 |    63 |   124 ||   273
       Rpst.: Long sword |    25 |    15 |    30 ||    70
